 Dungeon Crawl Stone Soup version 0.32-a0-484-g2eb335deba (webtiles) character file.

Game seed: 11780407197071084567

2135 graki42 the Destroyer (level 9, -11/65 HPs)
             Began as a Gnoll Conjurer on Feb 26, 2024.
             Was a Believer of Sif Muna.
             Mangled by a warg (23 damage)
             ... on level 6 of the Dungeon.
             The game lasted 00:19:00 (6493 turns).

graki42 the Destroyer (Gnoll Conjurer)              Turns: 6493, Time: 00:19:00

Health: -11/65     AC:  3    Str:  6    XL:     9   Next: 30%
Magic:  16/19      EV: 15    Int: 21    God:    Sif Muna [**....]
Gold:   307        SH:  0    Dex: 18    Spells: 6/21 levels left

rFire   + . .        k - +1 dagger "Beetleslayer" {drain, Dex+6 SInv}
rCold   + . .        (no shield)
rNeg    . . .        a - +0 robe
rPois   .            s - +0 helmet
rElec   .            g - scarf {rC+ rF+}
rCorr   .            (no gloves)
SInv    +            (no boots)
Will    .....        (no amulet)
Stlth   +++          (no ring)
HPRegen 0.30/turn    (no ring)
MPRegen 0.16/turn

%: no passive effects
@: no status effects
A: fangs 1, strong nose, distributed training
a: Renounce Religion, Channel Magic


You were on level 6 of the Dungeon.
You worshipped Sif Muna.
Sif Muna was pleased with you.
You visited 2 branches of the dungeon, and saw 7 of its levels.

You collected 307 gold pieces.

Inventory:

Hand Weapons
 i - a +1 short sword of venom
 k - the +1 dagger "Beetleslayer" (weapon) {drain, Dex+6 SInv}
   (You found it on level 2 of the Dungeon)

   Dex+6:     It affects your dexterity (+6).
   SInv:      It lets you see invisible.
Armour
 a - a +0 robe (worn)
 f - a +0 buckler
 g - a scarf of resistance (worn)
 s - a +0 helmet (worn)
Magical Staves
 o - a staff of earth
 x - a staff of alchemy
Jewellery
 u - an amulet of reflection
Wands
 e - a wand of roots (19)
Scrolls
 c - 4 scrolls of teleportation {unknown}
 d - 3 scrolls of noise {unknown}
 j - 2 scrolls of immolation {unknown}
 p - 2 scrolls of vulnerability {unknown}
 q - a scroll of revelation {unknown}
 t - a scroll of identify {unknown}
 v - a scroll of poison {unknown}
 y - a scroll of blinking {unknown}
Potions
 b - 2 potions of magic
 h - 4 potions of heal wounds {unknown}
 l - 2 potions of attraction {unknown}
 m - a potion of berserk rage {unknown}
 n - a potion of curing {unknown}
 r - a potion of haste
 w - a potion of resistance {unknown}


   Skills:
 + Level 4.2 Fighting
 + Level 4.2 Short Blades
 + Level 4.2 Long Blades
 + Level 4.2 Axes
 + Level 4.2 Maces & Flails
 + Level 4.2 Polearms
 + Level 4.2 Staves
 + Level 4.2 Ranged Weapons
 + Level 4.2 Throwing
 + Level 4.2 Armour
 + Level 6.3 Dodging
 + Level 6.0 Stealth
 + Level 4.2 Shields
 + Level 4.2 Unarmed Combat
 + Level 6.6 Spellcasting
 + Level 8.0 Conjurations
 + Level 3.5 Hexes
 + Level 3.5 Summonings
 + Level 3.5 Necromancy
 + Level 3.5 Translocations
 + Level 3.5 Fire Magic
 + Level 3.5 Ice Magic
 + Level 3.5 Air Magic
 + Level 3.5 Earth Magic
 + Level 3.5 Alchemy
 + Level 4.7 Invocations
 + Level 4.2 Evocations
 + Level 3.9 Shapeshifting


You had 6 spell levels left.
You knew the following spells:

 Your Spells              Type           Power      Damage    Failure   Level
a - Magic Dart            Conj           100%       1d8       1%          1
b - Searing Ray           Conj           80%        2d7       1%          2
c - Fulminant Prism       Conj/Alch      15%        3d10      9%          4
d - Iskenderun's Mystic   Conj/Tloc      31%        2d8       9%          4
e - Olgreb's Toxic Radia  Alch           21%        N/A       22%         4

Your spell library contained the following spells:

 Spells                   Type           Power      Damage    Failure   Level
 Sting                    Conj/Alch      100%       1d9       1%          1
 Freeze                   Ice            84%        1d9       2%          1
 Hailstorm                Conj/Ice       31%        3d8       2%          3
 Ensorcelled Hibernation  Hex/Ice        42%        N/A       3%          2
 Mercury Vapours          Alch/Air       42%        N/A       3%          2
 Call Canine Familiar     Summ           21%        N/A       6%          3
 Frozen Ramparts          Ice            42%        1d7       6%          3
 Passwall                 Erth           21%        N/A       6%          3
 Sigil of Binding         Hex            21%        N/A       6%          3
 Swiftness                Air            21%        N/A       6%          3
 Dimensional Bullseye     Hex/Tloc       10%        N/A       22%         4
 Leda's Liquefaction      Alch/Erth      10%        N/A       22%         4
 Passage of Golubria      Tloc           21%        N/A       22%         4
 Petrify                  Alch/Erth      21%        N/A       22%         4
 Metabolic Englaciation   Hex/Ice        10%        N/A       52%         5
 Silence                  Hex/Air        10%        N/A       52%         5
 Lehudib's Crystal Spear  Conj/Erth      15%        10d5      100%        8


Dungeon Overview and Level Annotations

Branches:
Dungeon (6/15)             Temple (1/1) D:4

Altars:
Cheibriados
Dithmenos
Elyvilon
Fedhas
Gozag
Hepliaklqana
Kikubaaqudgha
Makhleb
Nemelex Xobeh
Okawaru
Qazlal
Ru
Sif Muna
Uskayaw
Vehumet
Wu Jian
Xom
Yredelemnul
Zin
The Shining One
Beogh

Annotations:
D:6 TobyConnect's ghost, novice OpFi


Innate Abilities, Weirdness & Mutations

You have very sharp teeth.
Your uncanny sense of smell can sniff out nearby items.
Your experience applies equally to all skills.


Message History

The orc shouts!
You hear a shout!
The orc warrior shouts!
The warg howls!
You hear a shout!
The orc shouts!
You open the gate. The orc warrior completely misses you.
TobyConnect's ghost sneers, "Do you call that fighting?"
Casting: Magic Dart (safe; 1% risk of failure)
Confirm with . or Enter, or press ? or * to list all spells.
You begin to radiate toxic energy.
The orc warrior is poisoned. x2
The orc is poisoned. x4; The orc warrior looks even sicker.
The orc looks even sicker. x2; The warg bites you! x2
The orc warrior barely misses you.
The orc warrior hits you from afar with a +0 halberd!
Unknown command.
The orc warrior looks even sicker. x2; The orc looks even sicker. x3
The orc warrior attacks as it pursues you!
The orc warrior hits you from afar with a +0 trident!
* * * LOW HITPOINT WARNING * * *
The orc priest is poisoned.
The orc warrior looks even sicker.
The orc warrior looks as sick as possible!
You kill the orc!
Sif Muna accepts your kill.
Your toxic aura wanes.
You kill the orc!
Sif Muna accepts your kill. The warg barely misses you.
The warg attacks as it pursues you! The warg misses you.
The orc priest calls upon Beogh to heal the orc warrior.
The orc warrior is healed somewhat.
The orc barely misses you. The warg barely misses you.
You kill the orc!
Sif Muna accepts your kill.
The orc warrior attacks as it pursues you!
The orc warrior hits you from afar with a +0 trident.
* * * LOW HITPOINT WARNING * * *
Casting: Olgreb's Toxic Radiance (dangerous; 22% risk of failure)
Confirm with . or Enter, or press ? or * to list all spells.
Okay, then.
The warg bites you.
* * * LOW HITPOINT WARNING * * *
The warg attacks as it pursues you! The warg bites you!!
You die...

#.####...#..<.#.###...
#.#.........###...#...
#.#.##.##...#####.#.#.
#.#.##....#..####...#.
#####......#####..##......
#..........# ##....##.#.
#.........## ##.........
#.).......######..##......
##.)......@.>.......#......
##..).....h#######.#........
#####..........# #...........
#..............# #.#.......#.
##.ß.#)ß.......o### #....#.#####
#........####.#oo.####....#.# ###
#........#....ooo........##.###..
..#.)....#ß.............ß##.#...#
..#_÷.....######'''######........


You could see a warg, 2 orc warriors and 2 orcs.

Vanquished Creatures
  Prince Ribbit (D:5)
  Sigmund (D:5)
  2 black bears
  2 sky beasts
  An ogre (D:5)
  A phantom (D:5)
  A bullfrog (D:6)
  A kobold brigand (D:5)
  4 wights (D:6)
  A howler monkey (D:4)
  5 orc priests
  2 hounds
  3 jellies
  2 bombardier beetles
  Crazy Yiuf (D:3)
  2 iguanas (D:4)
  Natasha (thrice) (D:4)
  3 orc wizards
  A sleepcap (D:5)
  14 adders
  A shadow imp (D:6)
  2 white imps (D:6)
  4 dart slugs
  4 ribbon worms
  24 orcs
  4 bats
  8 endoplasms
  3 giant cockroaches
  6 goblins
  4 hobgoblins
  6 jackals (D:2)
  7 kobolds
  6 quokkas
  7 ball pythons
  A frilled lizard (D:3)
  4 rats
142 creatures vanquished.

Notes
Turn   | Place    | Note
-------+----------+-------------------------------------------
     0 | D:1      | graki42 the Gnoll Conjurer began the quest for the Orb.
     0 | D:1      | Reached XP level 1. HP: 13/13 MP: 6/6
   249 | D:1      | Reached XP level 2. HP: 19/19 MP: 5/7
   310 | D:1      | Learned a level 2 spell: Searing Ray
  1017 | D:2      | Reached skill level 5 in Spellcasting
  1017 | D:2      | Reached XP level 3. HP: 25/25 MP: 6/9
  1237 | D:2      | Reached skill level 1 in Invocations
  1393 | D:2      | Reached skill level 1 in Fighting
  1393 | D:2      | Reached skill level 1 in Short Blades
  1393 | D:2      | Reached skill level 1 in Long Blades
  1393 | D:2      | Reached skill level 1 in Axes
  1393 | D:2      | Reached skill level 1 in Maces & Flails
  1393 | D:2      | Reached skill level 1 in Polearms
  1393 | D:2      | Reached skill level 1 in Staves
  1393 | D:2      | Reached skill level 1 in Ranged Weapons
  1393 | D:2      | Reached skill level 1 in Throwing
  1393 | D:2      | Reached skill level 1 in Armour
  1393 | D:2      | Reached skill level 1 in Shields
  1393 | D:2      | Reached skill level 1 in Unarmed Combat
  1393 | D:2      | Reached skill level 1 in Evocations
  1839 | D:2      | Identified the +1 dagger "Beetleslayer" {drain, Dex+6 SInv}
  1951 | D:2      | Reached skill level 1 in Shapeshifting
  1951 | D:2      | Reached XP level 4. HP: 32/32 MP: 11/11
  2233 | D:2      | Learned a level 4 spell: Fulminant Prism
  2238 | D:2      | Learned a level 4 spell: Iskenderun's Mystic Blast
  2287 | D:3      | Found a runed translucent door.
  2288 | D:3      | Noticed Crazy Yiuf
  2573 | D:3      | Reached skill level 1 in Hexes
  2573 | D:3      | Reached skill level 1 in Summonings
  2573 | D:3      | Reached skill level 1 in Necromancy
  2573 | D:3      | Reached skill level 1 in Translocations
  2573 | D:3      | Reached skill level 1 in Fire Magic
  2573 | D:3      | Reached skill level 1 in Ice Magic
  2573 | D:3      | Reached skill level 1 in Air Magic
  2573 | D:3      | Reached skill level 1 in Earth Magic
  2573 | D:3      | Reached skill level 1 in Alchemy
  2790 | D:3      | Reached XP level 5. HP: 14/37 MP: 3/12
  3132 | D:3      | Reached XP level 6. HP: 35/44 MP: 9/13
  3334 | D:3      | Killed Crazy Yiuf
  3335 | D:3      | Reached skill level 5 in Dodging
  3452 | D:4      | Noticed Natasha
  3479 | D:4      | Killed Natasha
  3625 | D:4      | Noticed Natasha
  3629 | D:4      | Killed Natasha
  3720 | D:4      | Found a staircase to the Ecumenical Temple.
  3729 | Temple   | Entered the Ecumenical Temple
  3789 | Temple   | Became a worshipper of Sif Muna the Loreminder
  3881 | D:4      | Reached XP level 7. HP: 20/50 MP: 9/15
  4140 | D:4      | Reached skill level 5 in Stealth
  4306 | D:4      | Noticed Natasha
  4310 | D:4      | Killed Natasha
  4620 | D:5      | Entered Level 5 of the Dungeon
  4711 | D:5      | Noticed Prince Ribbit
  4720 | D:5      | Killed Prince Ribbit
  4721 | D:5      | Reached XP level 8. HP: 58/58 MP: 8/16
  4722 | D:5      | Reached * piety under Sif Muna
  4733 | D:5      | Noticed Sigmund
  5110 | D:5      | Killed Sigmund
  5592 | D:6      | Reached XP level 9. HP: 65/65 MP: 10/18
  5751 | D:6      | Found a shadowy altar of Dithmenos.
  6082 | D:6      | Reached skill level 8 in Conjurations
  6131 | D:6      | Found a hide-covered altar of Uskayaw.
  6131 | D:6      | Found a runed translucent gate.
  6166 | D:6      | Reached ** piety under Sif Muna
  6332 | D:6      | Found a runed translucent gate.
  6332 | D:6      | Found a runed translucent gate.
  6333 | D:6      | Noticed TobyConnect's ghost (novice OpFi)
  6335 | D:6      | Identified the +8 chain mail "Kueta" {Str+3}
  6336 | D:6      | Found a roughly hewn altar of Beogh.
  6372 | D:6      | Learned a level 4 spell: Olgreb's Toxic Radiance
  6493 | D:6      | Mangled by a warg

Illustrated notes

Levels and vault maps discovered:
D:1:      dpeg_arrival_simpleton_b, layout_rooms, serial_rivers,
          chequers_serial_rivers_room_a, chequers_serial_rivers_large_b,
          chequers_serial_rivers_room_a, chequers_serial_rivers_micro_c,
          chequers_serial_rivers_marsh, chequers_serial_rivers_small_3,
          chequers_serial_rivers_room_b
D:2:      layout_basic, minmay_quadrilaterals
D:3:      minmay_razor_zed, layout_basic, uniq_crazy_yiuf_cottage
D:4:      layout_cave_pools, minmay_temple_entry_fiery, kennysheep_nondescript,
          minmay_vboxes, uniq_natasha
D:5:      cheibrodos_barr_body, layout_rooms, kennysheep_cross_bottleneck,
          uniq_sigmund, uniq_prince_ribbit1
D:6:      layout_rooms, grunt_dithmenos_smoke_and_mirrors,
          eat_drink_and_be_merry_uskayaw, biasface_ghost_orc_armoury
Temple:   dpeg_five_rooms_temple

Skill      XL: |  1  2  3  4  5  6  7  8  9 |
---------------+----------------------------+-----
Spellcasting   | 5 6 |  6.6
Invocations    | 1 2 3 4 |  4.7
Fighting       | 1 2 3 4 |  4.2
Short Blades   | 1 2 3 4 |  4.2
Long Blades    | 1 2 3 4 |  4.2
Axes           | 1 2 3 4 |  4.2
Maces & Flails | 1 2 3 4 |  4.2
Polearms       | 1 2 3 4 |  4.2
Staves         | 1 2 3 4 |  4.2
Ranged Weapons | 1 2 3 4 |  4.2
Throwing       | 1 2 3 4 |  4.2
Armour         | 1 2 3 4 |  4.2
Shields        | 1 2 3 4 |  4.2
Unarmed Combat | 1 2 3 4 |  4.2
Evocations     | 1 2 3 4 |  4.2
Shapeshifting  | 1 2 3 |  3.9
Hexes          | 1 2 3 |  3.5
Summonings     | 1 2 3 |  3.5
Necromancy     | 1 2 3 |  3.5
Translocations | 1 2 3 |  3.5
Fire Magic     | 1 2 3 |  3.5
Ice Magic      | 1 2 3 |  3.5
Air Magic      | 1 2 3 |  3.5
Earth Magic    | 1 2 3 |  3.5
Alchemy        | 1 2 3 |  3.5
Dodging        | 5 6 |  6.3
Stealth        | 5 6 |  6.0
Conjurations   | 8 |  8.0

Action                     |  1- 3 |  4- 6 |  7- 9 || total
---------------------------+-------+-------+-------++-------
  Melee: Dagger            |     2 |    49 |    37 ||    88
         Bite              |       |     7 |     6 ||    13
   Cast: Magic Dart        |    51 |     9 |     9 ||    69
         Searing Ray       |     3 |    18 |    38 ||    59
         Iskenderun's Myst |       |     1 |     5 ||     6
         Olgreb's Toxic Ra |       |       |     1 ||     1
    Use: Potion            |       |     5 |       ||     5
         Scroll            |       |     1 |       ||     1
   Stab: Sleeping          |     1 |     9 |     4 ||    14
 Armour: Robe              |    14 |    42 |    49 ||   105
  Dodge: Dodged            |    12 |    47 |    51 ||   110

Table legend: (Time is in decaauts)
 A = Elapsed time spent in this place.
 B = Non-inter-level travel time spent in this place.
 C = Inter-level travel time spent in this place.
 D = Time resting spent in this place.
 E = Time spent auto-exploring this place.
 F = Levels seen in this place.
 G = Mean time per level.
                   A        B        C        D        E       F      G
               +--------+--------+--------+--------+--------+-----+--------+
         Total |   6520 |   6308 |    212 |   1293 |   4100 |   7 |  931.4 |
       Dungeon |   6408 |   6304 |    104 |   1293 |   4100 |   6 | 1068.0 |
        Temple |    112 |      4 |    108 |      0 |      0 |   1 |  112.0 |
               +--------+--------+--------+--------+--------+-----+--------+

Top non-repeatable levels by time:
     D:2: 1402 daAuts
     D:4: 1264 daAuts
     D:3: 1135 daAuts
     D:1: 918 daAuts
     D:6: 907 daAuts
     D:5: 780 daAuts
  Temple: 112 daAuts
